 Dungeon Crawl Stone Soup version 0.24-a0-479-g9a978d2894 (webtiles) character file.

Game seed: 2150357875426130483

2132 ivs the Basher (level 9, -2/45 HPs)
             Began as a Vine Stalker Monk on July 7, 2019.
             Was a Priest of Okawaru.
             Slain by an ogre
             ... wielding a +0 giant spiked club
              (15 damage)
             ... on level 7 of the Dungeon.
             The game lasted 00:41:00 (2655 turns).

ivs the Basher (Vine Stalker Monk)                  Turns: 2655, Time: 00:41:01

Health: -2/45      AC: 13    Str: 17    XL:     9   Next: 30%
Magic:  0/14       EV: 15    Int: 10    God:    Okawaru [***...]
Gold:   138        SH:  0    Dex: 25    Spells: 8/8 levels left

rFire    . . .     SeeInvis .   a - +0 flail
rCold    . . .     Gourm    .   (no shield)
rNeg     . . .     Faith    .   w - +0 plate armour
rPois    .         Spirit   +   (no helmet)
rElec    .         Reflect  .   j - +0 cloak
rCorr    .         Harm     .   (no gloves)
MR       +....                  (no boots)
Stlth    +.........             R - amulet of regeneration
HPRegen  0.95/turn              D - +3 ring of dexterity
MPRegen  0.14/turn              (no ring)

@: agile, heroism
A: fangs 3, regeneration 1, magic shield, antimagic bite, no potion heal 3, rot
immunity
a: Heroism, Renounce Religion


You were on level 7 of the Dungeon.
You worshipped Okawaru.
Okawaru was most pleased with you.
You were not hungry.

You visited 2 branches of the dungeon, and saw 9 of its levels.

You collected 188 gold pieces.
You spent 50 gold pieces at shops.

Inventory:

Hand Weapons
 a - a +0 flail (weapon)
 b - a +2 dagger of venom
 g - a +0 hunting sling
Missiles
 d - 106 stones
 r - 3 boomerangs
 y - 4 javelins (quivered)
Armour
 j - a +0 cloak (worn)
 w - a +0 plate armour (worn)
Jewellery
 D - a +3 ring of dexterity (left hand)
 R - an amulet of regeneration (around neck)
Wands
 x - a wand of polymorph (3)
Scrolls
 e - a scroll of enchant weapon
 f - a scroll of random uselessness {unknown}
 i - a scroll of remove curse
 m - 3 scrolls of immolation {unknown}
 p - 2 scrolls of teleportation
 q - a scroll of blinking {unknown}
Potions
 h - 3 potions of flight
 k - 2 potions of curing
 n - a potion of cancellation {unknown}
 o - a potion of agility
 s - a potion of brilliance {unknown}
 t - a potion of heal wounds {unknown}
 u - a potion of berserk rage {unknown}
 v - a potion of magic {unknown}
 z - a potion of lignification {unknown}
 A - a potion of resistance {unknown}
Comestibles
 c - 9 rations
 l - 4 chunks of flesh


   Skills:
 - Level 4.0(9.0) Fighting
 + Level 9.6(14.6) Maces & Flails
 - Level 2.4(7.4) Dodging
 - Level 2.4(7.4) Stealth
 - Level 5.5 Invocations


You had 8 spell levels left.
You didn't know any spells.
Your spell library was empty.

Dungeon Overview and Level Annotations

Branches:
Dungeon (8/15)             Temple (1/1) D:5
   Lair: D:8-11

Altars:
Ashenzari
Fedhas
Kikubaaqudgha
Okawaru
Sif Muna
Uskayaw
Vehumet

Shops:
D:4 *


Innate Abilities, Weirdness & Mutations

You have razor-sharp teeth.
Your natural rate of healing is unusually fast.
When hurt, damage is shared between your health and your magic reserves.
Your bite disrupts and absorbs the magic of your enemies.
Potions cannot restore your health.
You are immune to rotting.


Message History

Items here: ) [[ † a +0 hand axe; a +0 leather armour; a ring mail; an orc corpse The centaur wields a +0 shortbow.
The centaur shoots an arrow.
The arrow hits you.
There is a stone staircase leading up, spattered with blood here.
You see here an arrow.
The ogre hits you with a +0 giant spiked club!!
* * * LOW HITPOINT WARNING * * *
The centaur unwields a +0 shortbow.
The centaur hits you but does no damage.
You climb upwards.
There is a stone staircase leading down here.
The centaur wields a +0 shortbow.
The centaur shoots an arrow.
The arrow hits you but does no damage.
You feel agile all of a sudden.
The ogre hits you with a +0 giant spiked club.
* * * LOW HITPOINT WARNING * * *
You gain the combat prowess of a mighty hero.
The ogre hits you with a +0 giant spiked club!
You die...

####......).....#
#########...........###)#
#............######.# .#
#.#.......#..# #.# ..
#.#.#######..# #.# ### #.#.# #..#
#.# #.#.# #[.# ####.#######
#.#.#######.)###..........#####
#.#.....(.....@Oc..............
###.#..##.###.####..###.###.###..
.......# .##.....>..###..........
#.#.#.###.......##..#.#.###.###..
#.#.#.# #.##...# #...#.o....#
#...#.###.###.## #..###o.#..#
..............# #...#.#o#..#
.#.##.###.#### #..#.##.#..#
......##...(.# #..####.#..#


You could see an ogre and a centaur.

Vanquished Creatures
  A two-headed ogre (D:8)
  A wyvern (D:8)
  3 ice beasts
  An orc warrior (D:8)
  An ogre (D:8)
  A centaur (D:7)
  A water moccasin skeleton (D:7)
  2 crimson imps
  A centaur zombie (D:5)
  A quasit (D:7)
  2 orc priests
  2 jellies
  4 orc wizards
  Natasha (thrice) (D:3)
  5 worker ants
  A worker ant zombie (D:7)
  A gnoll (D:1)
  8 adders
  An ooze (D:5)
  A worm (D:2)
  2 dart slugs
  4 leopard geckos
  16 orcs
  2 ball pythons
  5 bats
  4 giant cockroaches
  8 goblins
  6 hobgoblins
  4 jackals (D:2)
  3 kobolds
  4 quokkas
  A frilled lizard (D:1)
  A jackal skeleton (D:4)
  7 rats
108 creatures vanquished.

Notes
Turn   | Place    | Note
-------+----------+-------------------------------------------
     0 | D:1      | ivs the Vine Stalker Monk began the quest for the Orb.
     0 | D:1      | Reached XP level 1. HP: 11/11 MP: 2/2
   147 | D:1      | Reached skill level 3 in Maces & Flails
   172 | D:1      | Reached XP level 2. HP: 14/16 MP: 3/3
   341 | D:1      | Reached XP level 3. HP: 19/19 MP: 4/4
   473 | D:2      | Reached skill level 4 in Maces & Flails
   738 | D:2      | Gained mutation: Your natural rate of healing is unusually
                  | fast. [Vine Stalker growth]
   738 | D:2      | Reached XP level 4. HP: 24/24 MP: 3/5
   983 | D:3      | Noticed Natasha
   988 | D:3      | Killed Natasha
  1070 | D:3      | Reached XP level 5. HP: 23/29 MP: 6/6
  1121 | D:3      | Noticed Natasha
  1142 | D:3      | Killed Natasha
  1166 | D:3      | Noticed Natasha
  1180 | D:3      | Killed Natasha
  1282 | D:4      | Reached skill level 5 in Maces & Flails
  1282 | D:4      | Reached XP level 6. HP: 28/33 MP: 7/7
  1406 | D:4      | Found Piwogoutal's Assorted Antiques.
  1414 | D:4      | Bought a scroll labeled RUIVAO TYPHETI for 25 gold pieces
  1414 | D:4      | Bought a scroll labeled RUIVAO TYPHETI for 25 gold pieces
  1464 | D:5      | Entered Level 5 of the Dungeon
  1579 | D:5      | Reached skill level 6 in Maces & Flails
  1596 | D:5      | Found a staircase to the Ecumenical Temple.
  1610 | Temple   | Entered the Ecumenical Temple
  1625 | Temple   | Became a worshipper of Warmaster Okawaru
  1625 | Temple   | Reached * piety under Okawaru
  1625 | Temple   | Reached ** piety under Okawaru
  1665 | D:5      | Reached skill level 1 in Invocations
  1665 | D:5      | Reached XP level 7. HP: 37/37 MP: 8/8
  1946 | D:7      | Found a shattered altar of Ashenzari.
  2191 | D:8      | Gained mutation: You have razor-sharp teeth. [Vine Stalker
                  | growth]
  2191 | D:8      | Reached XP level 8. HP: 36/42 MP: 10/12
  2207 | D:8      | Reached skill level 5 in Invocations
  2235 | D:8      | Reached *** piety under Okawaru
  2324 | D:8      | Noticed a two-headed ogre
  2336 | D:8      | Killed a two-headed ogre
  2336 | D:8      | Reached skill level 8 in Maces & Flails
  2336 | D:8      | Reached XP level 9. HP: 7/45 MP: 3/14
  2466 | D:8      | Reached skill level 9 in Maces & Flails
  2655 | D:7      | Slain by an ogre

Levels and vault maps discovered:
D:1:      dpeg_arrival_arbitrary_a, layout_basic
D:2:      layout_loops_ring, skrybe_limestone_x, roderic_lattice_a,
          serial_bayou_crossing
D:3:      layout_rooms, first_ration, uniq_natasha, uniq_ijyb
D:4:      layout_loops_ring, serial_shops, nicolae_shop_statue_plus
D:5:      layout_layer_cave, minmay_temple_entry_arrows, gammafunk_ghost_grave
D:6:      layout_gridville
D:7:      layout_loops_ring, ashenzari_altar_1
D:8:      layout_rooms, erik_lair_dragon, grunt_pizzeria,
          chequers_serial_rivers_large_a, minmay_misc_feat_more_columns
Temple:   regret_index_temple_sigil_plot

Skill      XL: |  1  2  3  4  5  6  7  8  9 |
---------------+----------------------------+-----
Maces & Flails | 3 4 5 6 8 9 |  9.6
Fighting       | 3 4 |  4.0
Invocations    | 1 4 5 |  5.5
Dodging        | |  2.4
Stealth        | |  2.4

Action                   |  1- 3 |  4- 6 |  7- 9 || total
-------------------------+-------+-------+-------++-------
Melee: Mace              |    56 |   176 |       ||   232
       Bite              |    15 |    46 |    69 ||   130
       Flail             |       |     5 |   146 ||   151
       Punch             |       |       |     1 ||     1
       Dagger            |       |       |     6 ||     6
Throw: Stone             |    30 |    24 |    17 ||    71
       Javelin           |       |       |     9 ||     9
       Boomerang         |       |       |     1 ||     1
Invok: Heroism           |       |       |     8 ||     8
  Use: Scroll            |       |     6 |     2 ||     8
       Potion            |       |       |     3 ||     3
 Stab: Sleeping          |     2 |       |       ||     2
  Eat: Chunk             |       |     3 |     3 ||     6
Armor: Robe              |     3 |       |       ||     3
       Chain mail        |    10 |    93 |       ||   103
       Plate armour      |       |     4 |    91 ||    95
Dodge: Dodged            |    25 |    59 |    56 ||   140

Table legend:
 A = Non-vault XP
 B = Vault XP
 C = Vault XP percentage of total XP
 D = Non-vault monster count
 E = Vault monster count
 F = Vault count percentage of total count
                 A         B        C        D         E       F
            +---------+---------+-------+---------+---------+-------
      Total |    2669 |     378 |  12.4 |     105 |       3 |   2.8
            +---------+---------+-------+---------+---------+-------
        D:1 |      51 |       0 |   0.0 |      21 |       0 |   0.0
        D:2 |      67 |       0 |   0.0 |      22 |       0 |   0.0
        D:3 |     150 |      35 |  18.9 |      13 |       1 |   7.1
        D:4 |     164 |       0 |   0.0 |       8 |       0 |   0.0
        D:5 |     302 |       0 |   0.0 |      11 |       0 |   0.0
        D:6 |      37 |       0 |   0.0 |       1 |       0 |   0.0
        D:7 |     353 |       0 |   0.0 |      11 |       0 |   0.0
        D:8 |    1545 |     343 |  18.2 |      18 |       2 |  10.0
            +---------+---------+-------+---------+---------+-------
